 Dungeon Crawl Stone Soup version 0.29.1-12-g30fa7ad0bf (webtiles) character file.

Game seed: 3390160534518380451

20 hawla the Chiller (level 3, 0/26 HPs)
             Began as a Meteoran Ice Elementalist on Dec 14, 2022.
             Slain by a giant cockroach (1 damage)
             ... on level 2 of the Dungeon.
             The game lasted 00:00:56 (131 turns).

hawla the Chiller (Meteoran Ice Elementalist)        Turns: 131, Time: 00:00:57

Health: 0/26       AC:  2    Str: 10    XL:     3   Next: 14%
Magic:  4/8        EV: 12    Int: 18    God:
Gold:   8          SH:  0    Dex: 14    Spells: 7/8 levels left

rFire   . . .      SeeInvis .   (no weapon)
rCold   . . .      Faith    .   (no shield)
rNeg    . . .      Spirit   .   a - +0 robe
rPois   .          Reflect  .   (no helmet)
rElec   .          Harm     .   (no cloak)
rCorr   .          Rampage  .   (no gloves)
Will    .....                   (no boots)
Stlth   +.........              (no amulet)
HPRegen 0.08/turn               (no ring)
MPRegen 0.11/turn               (no ring)

@: glowing
A: sense surroundings 1, otherworldly, glowing, explore regen
a: no special abilities


You were on level 2 of the Dungeon.
You visited 1 branch of the dungeon, and saw 2 of its levels.

You collected 8 gold pieces.

Inventory:

Armour
 a - a +0 robe (worn)
Jewellery
 c - a ring of poison resistance
 d - a ring of fire


   Skills:
 + Level 2.5 Dodging
 - Level 1.4 Stealth
 + Level 3.1 Spellcasting
 + Level 5.0 Ice Magic


You had 7 spell levels left.
You knew the following spells:

 Your Spells              Type           Power      Damage    Failure   Level
a - Freeze                Ice            80%        1d9       1%          1

Your spell library contained the following spells:

 Spells                   Type           Power      Damage    Failure   Level
 Frozen Ramparts          Ice            40%        1d7       6%          3
 Ozocubu's Armour         Ice            20%        N/A       6%          3
 Hailstorm                Conj/Ice       11%        3d5       50%         4


Dungeon Overview and Level Annotations

Branches:
Dungeon (2/15) Zot: 1068

Altars:


Innate Abilities, Weirdness & Mutations

You passively map a small area around you.
You are easily found by Zot.
You glow in the dark.
You regain HP and MP as you explore.


Message History

The giant cockroach bites you.
Unknown command.
Casting: Freeze (safe; 2% risk of failure)
Confirm with . or Enter, or press ? or * to list all spells.
Aiming: Freeze (safe; 2% risk of failure)
Press: ? - help, Shift-Dir - straight line, f - gnoll
Aim: a gnoll, wielding a +0 club (lightly wounded)
You freeze the gnoll!
The gnoll is severely wounded.
The giant cockroach closely misses you. The goblin hits you with a +0 club.
* * * LOW HITPOINT WARNING * * *
The gnoll closely misses you. The gnoll attacks as you move away!
The gnoll hits you with a +0 club.
* * * LOW HITPOINT WARNING * * *
The giant cockroach closely misses you. Magic courses through your body.
The giant cockroach barely misses you. The goblin barely misses you.
Casting: Freeze (safe; 2% risk of failure)
Confirm with . or Enter, or press ? or * to list all spells.
Aiming: Freeze (safe; 2% risk of failure)
Press: ? - help, Shift-Dir - straight line, f/p - gnoll
Aim: a gnoll, wielding a +0 club (severely wounded)
You freeze the gnoll.
You kill the gnoll!
The giant cockroach closely misses you. The goblin closely misses you.
Your Spellcasting skill increases to level 3!
Your Ice Magic skill increases to level 5!
You have reached level 3!
Your experience leads to an increase in your attributes!
Increase (S)trength, (I)ntelligence, or (D)exterity?
You feel clever. x2; You feel stronger.
Casting: Freeze (safe; 1% risk of failure)
Confirm with . or Enter, or press ? or * to list all spells.
Aiming: Freeze (safe; 1% risk of failure)
Press: ? - help, Shift-Dir - straight line, f - goblin
Aim: a goblin, wielding a +0 club You freeze the goblin!
You kill the goblin!
The giant cockroach bites you.
You die...

* * ..... * ,, **
.#..## , , , ,....,
* ..# *#..# * , *..#
# , #..# ** .. .# ,
# ##..# .##.# *
#.#.).#########.....
,
#..@B†....<.........
###.).........#.##.#
, *
*###.######.†.#.B ,
, , ...# #..#$##g#
**##### #..#.# #
#...#) #..#.##,
#..... #### * *


You could see a giant cockroach.

Vanquished Creatures
  A gnoll (D:2)
  A dart slug (D:2)
  A ball python (D:1)
  A giant cockroach (D:2)
  2 goblins
  3 bats
  A rat (D:1)
10 creatures vanquished.

Notes
Turn   | Place    | Note
-------+----------+-------------------------------------------
     0 | D:1      | hawla the Meteoran Ice Elementalist began the quest for the
                  | Orb.
     0 | D:1      | Reached XP level 1. HP: 14/14 MP: 5/5
    90 | D:1      | Reached XP level 2. HP: 20/20 MP: 0/6
   128 | D:2      | HP: 1/20 [gnoll/+0 club (3)]
   131 | D:2      | Reached skill level 5 in Ice Magic
   131 | D:2      | Reached XP level 3. HP: 1/26 MP: 5/8
   131 | D:2      | Slain by a giant cockroach

Illustrated notes

Levels and vault maps discovered:
D:1:      matt_arrival_refuge, layout_basic, serial_shops,
          nicolae_shop_hallway_plus, shop, shop,
          nicolae_shop_bloodbath_and_beyond, hellmonk_ecumenical_altar_zigzags
D:2:      layout_loops_ring, basic_altar, minmay_small_reverse_x

Skill      XL: |  1  2 |
---------------+-------+-----
Spellcasting   | 3 |  3.1
Ice Magic      | 5 |  5.0
Dodging        | |  2.5
Stealth        | |  1.4

Action                   || total
-------------------------++-------
 Cast: Freeze            ||    17
  Use: Potion            ||     1
Armor: Robe              ||     9
Dodge: Dodged            ||    22
